AoeStats
← lokomats69

Arena

510178536Analyzed
2v2 RM · 3d ago on Sep 29, 2026· 56m 4s· 4 players
Game mode
Random Map
Map size
Medium (4 player)
Population
200
Speed
Normal
Resources
Standard
Victory
Conquest
Starting age
Dark Age
Ending age
Imperial Age
RankedLock teamsTeams togetherTeam positionsShared explorationLock speedFull tech treeHidden civsTurbo modeCheats
Victory
Defeat
🇹🇷 Malians · Türkiye
1184
+16
🇹🇷 Armenians · Türkiye
1137
+17
🇨🇱 Teutons · Chile
1172
-16
🇨🇱 Turks · Chile
1171
-17
Gkzaim
11:00 Feudal Age
12:05 Horse Collar
14:57 Double-Bit Axe
18:06 Castle Age
16:03 Gold Mining
16:08 Stone Mining
21:37 Fletching
21:48 Padded Archer Armor
23:52 Ballistics
23:31 Bodkin Arrow
24:48 Gold Shaft Mining
25:35 Wheelbarrow
25:25 Leather Archer Armor
25:22 Loom
30:30 Imperial Age
28:45 Bow Saw
29:15 Hand Cart
32:12 Elite Composite Bowman
33:58 Chemistry
33:01 Bracer
33:32 Ring Archer Armor
34:07 Conscription
34:34 Squires
34:19 Arson
34:20 Gambesons
33:56 Man-at-Arms
36:04 Long Swordsman
38:26 Scale Mail Armor
38:37 Forging
38:15 Two-Handed Swordsman
39:34 Chain Mail Armor
41:53 Plate Mail Armor
41:59 Iron Casting
42:02 Champion
46:49 Blast Furnace
seher9203
8:51 Loom
11:27 Feudal Age
12:39 Horse Collar
19:37 Castle Age
18:26 Double-Bit Axe
18:35 Gold Mining
21:21 Forging
21:12 Scale Mail Armor
28:26 Bloodlines
32:53 Imperial Age
32:11 Scale Barding Armor
33:20 Chain Barding Armor
33:46 Cavalier
35:56 Iron Casting
40:10 Wheelbarrow
44:17 Light Cavalry
44:58 Husbandry
48:23 Gold Shaft Mining
52:54 Plate Barding Armor
54:18 Elite Gbeto
Panchomaloo
6:18 Loom
8:31 Feudal Age
9:25 Double-Bit Axe
19:30 Castle Age
18:06 Stone Mining
19:26 Horse Collar
22:10 Gold Mining
22:38 Heavy Plow
23:28 Fletching
27:24 Elite Skirmisher
28:06 Padded Archer Armor
28:57 Wheelbarrow
28:36 Bodkin Arrow
33:04 Hand Cart
33:36 Ballistics
37:27 Imperial Age
38:26 Leather Archer Armor
39:22 Chemistry
40:52 Crop Rotation
40:34 Bow Saw
43:53 Conscription
43:05 Pikeman
43:46 Squires
43:49 Scale Mail Armor
44:00 Forging
44:32 Crenellations
44:39 Arson
44:15 Halberdier
52:04 Ring Archer Armor
lokomats69
13:13 Feudal Age
14:14 Double-Bit Axe
17:06 Castle Age
17:02 Loom
22:14 Imperial Age
22:58 Horse Collar
24:28 Gold Mining
28:39 Parthian Tactics
43:47 Conscription
Connection lost

Rejoining the realm…

Still unreachable

The connection could not be restored.

Session expired

The server has moved on; the page needs a fresh start.